AoeStats
← johnnyt27

Black Forest

508512687Analyzed
4v4 RM · 10d ago on Sep 22, 2026· 50m 27s· 8 players
Game mode
Random Map
Map size
Large (8 player)
Population
200
Speed
Normal
Resources
Standard
Victory
Conquest
Starting age
Dark Age
Ending age
Imperial Age
RankedLock teamsTeams togetherTeam positionsShared explorationLock speedFull tech treeHidden civsTurbo modeCheats
Victory
Defeat
🇹🇼 Britons · Taiwan
800
+11
🇬🇧 Persians · United Kingdom
773
+12
🇬🇧 Random · United Kingdom
756
+13
🇧🇷 Goths · Brazil
664
+15
🇫🇷 Vietnamese · France
701
-14
🇺🇸 Vikings · United States
693
-13
🇬🇬 Random · Guernsey
690
-13
🇲🇽 Random · Mexico
639
-11
juliocesaracostagaytan
13:08 Feudal Age
13:52 Loom
14:46 Horse Collar
18:21 Castle Age
17:29 Stone Mining
17:28 Double-Bit Axe
19:16 Wheelbarrow
21:48 Bow Saw
23:47 Hand Cart
30:06 Stone Shaft Mining
29:23 Gold Mining
33:12 Imperial Age
30:45 Heavy Plow
32:02 Gold Shaft Mining
31:47 Gambesons
32:02 Squires
31:49 Arson
32:22 Thumb Ring
32:58 Caravan
33:20 Town Watch
34:01 Siege Engineers
34:18 Ballistics
34:59 Chemistry
33:55 Murder Holes
34:11 Masonry
35:18 Scale Mail Armor
35:31 Forging
35:27 Scale Barding Armor
35:13 Fletching
35:23 Padded Archer Armor
34:54 Man-at-Arms
34:55 Pikeman
34:57 Elite Varangian Guard
35:06 Elite Varangian Guard
36:15 Conscription
37:38 Iron Casting
37:19 Chain Mail Armor
36:40 Northmen's Fury
37:37 Onager
37:39 Capped Ram
38:47 Elite Varangian Guard
39:04 Elite Jomsviking
40:23 Hoardings
40:53 Bloodlines
41:25 Plate Mail Armor
44:02 Elite Skirmisher
johnnyt27
0:45 Loom
15:58 Feudal Age
21:40 Castle Age
21:45 Double-Bit Axe
21:42 Horse Collar
21:53 Gold Mining
21:54 Stone Mining
24:32 Town Watch
31:16 Imperial Age
30:54 Gold Shaft Mining
33:25 Chemistry
32:10 Pikeman
32:54 Squires
33:45 Fletching
34:08 Forging
36:30 Conscription
36:21 Chieftains
39:18 Heavy Plow
38:56 Elite Berserk
42:09 Iron Casting
41:35 Scale Mail Armor
42:12 Bow Saw
44:02 Chain Mail Armor
44:48 Blast Furnace
Aethelwulf
3:05 Loom
10:09 Feudal Age
10:59 Horse Collar
11:05 Double-Bit Axe
13:00 Man-at-Arms
14:45 Arson
19:28 Wheelbarrow
22:57 Castle Age
21:35 Bloodlines
22:03 Forging
23:58 Scale Barding Armor
24:28 Iron Casting
24:39 Bow Saw
24:31 Heavy Plow
25:07 Hand Cart
29:33 Chain Barding Armor
31:02 Gold Mining
31:06 Stone Mining
32:59 Town Watch
36:34 Imperial Age
35:45 Husbandry
39:24 Town Patrol
39:49 Conscription
41:26 Blast Furnace
41:02 Plate Barding Armor
40:28 Padded Archer Armor
40:18 Fletching
40:57 Ballistics
41:38 Chemistry
41:30 Plate Barding Armor
41:30 Squires
41:18 Gambesons
42:18 Elite Skirmisher
42:38 Gothikon
42:43 Elite Varangian Guard
43:23 Bodkin Arrow
43:44 Leather Archer Armor
43:20 Imperial Skirmisher
45:21 Bracer
46:42 Ring Archer Armor
46:22 Elite Jarl
glubix44
0:29 Loom
11:41 Feudal Age
13:09 Wheelbarrow
12:21 Horse Collar
12:33 Double-Bit Axe
22:28 Castle Age
21:34 Stone Mining
21:36 Gold Mining
24:23 Bow Saw
24:16 Heavy Plow
24:55 Stone Shaft Mining
24:35 Caravan
32:53 Chatras
35:32 Imperial Age
33:21 Hand Cart
34:07 Husbandry
34:20 Bloodlines
34:53 Arson
35:09 Squires
35:46 Forging
35:37 Scale Mail Armor
35:43 Scale Barding Armor
35:30 Fletching
35:43 Padded Archer Armor
37:01 Ballistics
36:37 Murder Holes
38:51 Paper Money
38:51 Elite Fire Lancer
40:59 Pikeman
41:12 Elite Battle Elephant
Benthebrit20
0:28 Loom
13:51 Feudal Age
14:13 Horse Collar
14:21 Double-Bit Axe
16:23 Man-at-Arms
24:58 Castle Age
23:33 Stone Mining
28:25 Wheelbarrow
29:20 Bow Saw
30:52 Gold Mining
31:22 Heavy Plow
33:05 Gold Shaft Mining
36:50 Imperial Age
35:56 Hand Cart
36:54 Squires
36:40 Gambesons
37:08 Forging
36:58 Scale Mail Armor
37:00 Elite Varangian Guard
38:40 Iron Casting
38:20 Chain Mail Armor
38:50 Conscription
39:35 Plate Mail Armor
41:01 Blast Furnace
40:30 Pikeman
44:55 Hamask
48:20 Fletching
48:37 Caravan
48:31 Town Watch
BOOSON 8
0:29 Loom
17:17 Feudal Age
20:09 Double-Bit Axe
20:07 Horse Collar
21:27 Gold Mining
21:28 Stone Mining
26:50 Castle Age
25:28 Wheelbarrow
28:19 Caravan
29:37 Coinage
35:04 Gold Shaft Mining
37:36 Imperial Age
35:20 Heavy Plow
37:00 Stone Shaft Mining
36:53 Bow Saw
37:08 Hand Cart
40:11 Guilds
40:31 Banking
39:25 Elite War Elephant
40:26 Conscription
40:35 Kamandaran
43:00 Chemistry
43:54 Crossbowman
44:40 Thumb Ring
44:50 Forging
44:46 Scale Barding Armor
44:31 Fletching
44:43 Padded Archer Armor
44:44 Scale Mail Armor
44:14 Pikeman
44:40 Gambesons
44:41 Arson
44:57 Squires
45:29 Halberdier
49:30 Crop Rotation
50:03 Two-Man Saw
49:44 Iron Casting
49:29 Chain Barding Armor
49:04 Bodkin Arrow
49:25 Leather Archer Armor
49:25 Chain Mail Armor
ZIV_83tw
9:22 Feudal Age
13:39 Castle Age
11:38 Double-Bit Axe
12:13 Loom
20:18 Horse Collar
25:18 Fishing Lines
29:55 Imperial Age
27:24 Fletching
28:10 Caravan
28:40 Coinage
30:30 Wheelbarrow
30:06 Gillnets
31:03 Ballistics
31:44 Chemistry
30:39 Stone Mining
31:00 Bow Saw
30:54 Heavy Plow
32:47 Coinage
32:29 Guilds
32:41 Hand Cart
32:20 Gold Mining
32:28 Bodkin Arrow
32:33 Padded Archer Armor
34:16 Bracer
34:32 Leather Archer Armor
34:22 Husbandry
34:31 Scale Barding Armor
33:53 Cranequins
35:25 Murder Holes
34:57 Heavy Mounted Crossbowman
36:31 Warwolf
37:43 Banking
39:17 Ring Archer Armor
44:04 Elite Longbowman
Rique
0:27 Loom
12:16 Feudal Age
12:55 Double-Bit Axe
12:57 Horse Collar
15:48 Wheelbarrow
18:20 Gold Mining
18:50 Stone Mining
22:25 Castle Age
23:21 Caravan
23:27 Heavy Plow
25:13 Stone Shaft Mining
27:38 Town Watch
30:08 Hand Cart
29:56 Town Patrol
30:19 Fervor
31:17 Treadmill Crane
31:36 Murder Holes
32:29 Masonry
32:41 Ballistics
34:32 Bow Saw
37:55 Imperial Age
36:03 Forging
35:54 Scale Mail Armor
35:54 Padded Archer Armor
35:44 Fletching
36:21 Squires
35:41 Man-at-Arms
35:45 Crossbowman
35:46 Elite Skirmisher
38:20 Iron Casting
38:01 Chain Mail Armor
39:19 Crop Rotation
39:51 Two-Man Saw
39:18 Leather Archer Armor
38:58 Bodkin Arrow
39:18 Guilds
40:22 Coinage
40:20 Conscription
42:03 Blast Furnace
42:23 Chemistry
41:54 Architecture
41:37 Anarchy
42:36 Ring Archer Armor
42:23 Perfusion
42:39 Elite Huskarl
43:49 Bracer
43:58 Scale Barding Armor
46:49 Banking
49:44 Heavy Cavalry Archer
49:49 Pikeman
49:50 Long Swordsman
Connection lost

Rejoining the realm…

Still unreachable

The connection could not be restored.

Session expired

The server has moved on; the page needs a fresh start.